 Dungeon Crawl Stone Soup version 0.26.1-2-gb8aa6d0cf2 (webtiles) character file.

Game seed: 8728460051695084969

168 Descartes the Magician (level 5, -5/29 HPs)
             Began as a Deep Elf Wanderer on Mar 7, 2021.
             Killed by divine providence
             ... invoked by an orc priest
              (12 damage)
             ... on level 3 of the Dungeon.
             The game lasted 00:07:19 (3903 turns).

Descartes the Magician (Deep Elf Wanderer)          Turns: 3903, Time: 00:07:19

Health: -5/29      AC:  4    Str:  9    XL:     5   Next: 23%
Magic:  0/13       EV: 14    Int: 17    God:
Gold:   151        SH:  6    Dex: 15    Spells: 11/12 levels left

rFire    + . .     SeeInvis .   o - +3 dagger (venom)
rCold    . . .     Faith    .   s - +2 buckler
rNeg     . . .     Spirit   +   B - +0 leather armour
rPois    .         Reflect  .   (no helmet)
rElec    .         Harm     .   (no cloak)
rCorr    .         Rampage  .   (no gloves)
Will     .....                  x - +0 pair of boots
Stlth    ++........             w - amulet of guardian spirit
HPRegen  0.09/turn              k - ring of protection from fire
MPRegen  0.13/turn              A - +4 ring of evasion

@: very slightly contaminated
A: no striking features
a: no special abilities


You were on level 3 of the Dungeon.
You visited 1 branch of the dungeon, and saw 3 of its levels.

You collected 151 gold pieces.

Inventory:

Hand Weapons
 a - a +2 hand axe
 n - a +0 dagger of electrocution
 o - a +3 dagger of venom (weapon)
 u - a +0 hunting sling
Missiles
 e - 90 stones (quivered)
 f - 5 atropa-tipped darts
 h - 20 sling bullets
 i - 12 bolts
 l - 36 arrows
 m - 21 poisoned darts
 q - 4 curare-tipped darts
Armour
 s - a +2 buckler (worn)
 x - a +0 pair of boots (worn)
 B - a +0 leather armour (worn)
Jewellery
 k - a ring of protection from fire (left hand)
 w - an amulet of guardian spirit (around neck)
 A - a +4 ring of evasion (right hand)
Scrolls
 b - a scroll of noise {unknown}
 c - 2 scrolls of amnesia {unknown}
 g - 2 scrolls of teleportation {unknown}
 j - a scroll of enchant armour {unknown}
 p - 3 scrolls of identify {unknown}
 t - a scroll of random uselessness {unknown}
 v - 4 scrolls of remove curse {unknown}
 y - a scroll of magic mapping {unknown}
Potions
 d - a potion of attraction {unknown}
 r - 2 potions of ambrosia {unknown}
 z - a potion of magic {unknown}


   Skills:
 - Level 1.0 Fighting
 - Level 1.5 Axes
 - Level 1.0 Throwing
 - Level 1.5 Armour
 - Level 1.2 Stealth
 + Level 1.7 Shields
 + Level 4.3 Spellcasting
 + Level 4.1 Fire Magic


You had 11 spell levels left.
You knew the following spells:

 Your Spells              Type           Power        Failure   Level
a - Foxfire               Conj/Fire      40%          12%         1

Your spell library contained the following spells:

 Spells                   Type           Power        Failure   Level
 Corona                   Hex            3%           28%         1
 Ignite Poison            Fire/Tmut/Pois 8%           43%         3
 Confusing Touch          Hex            3%           63%         3


Dungeon Overview and Level Annotations

Branches:
Dungeon (3/15)

Altars:
Ru
Sif Muna


Message History

The orc is heavily wounded.
The orc priest calls down the wrath of Beogh upon you.
Beogh smites you! The worm bites you.
* * * LOW HITPOINT WARNING * * *
The orc completely misses you.
Casting: Foxfire (safe; 12% risk of failure)
Confirm with . or Enter, or press ? or * to list all spells.
You conjure some foxfire!
Unknown command.
Casting: Foxfire (safe; 12% risk of failure)
Confirm with . or Enter, or press ? or * to list all spells.
You don't have enough magic to cast that spell.
Unknown command.
Your foxfire dissipates!
The foxfire hits the orc.
You kill the orc!
The worm barely misses you.
The orc priest invokes the aid of Beogh against you.
Beogh smites you!
You die...

#.# #.# ### #.#####
#.. #....<# #.#####
#.#####
#######.#...# #..#
.......).>#.# ##.#
.....ow.....# #.#
.######@###.#.#.##.#
#.# #.#.##.#
#)#####.#.##.#
#.....#.#.##.#
####.##.#.##.#
#.##.#.##.#
#.##.#.##.####
#............#
#####.#.#######


You could see a worm and an orc priest.

Vanquished Creatures
  An orc priest (D:3)
  An orc wizard (D:2)
  3 adders (D:2)
  A shadow imp (D:2)
  4 worms
  2 dart slugs
  4 leopard geckos
  3 orcs (D:3)
  2 giant cockroaches
  9 goblins
  6 hobgoblins
  6 bats
  2 frilled lizards
  6 kobolds
  6 rats
56 creatures vanquished.

Vanquished Creatures (collateral kills)
  2 foxfires (D:2)
2 creatures vanquished.

Vanquished Creatures (others)
  226 foxfires
  11 plants (D:2)
237 creatures vanquished.

Grand Total: 295 creatures vanquished

Notes
Turn   | Place    | Note
-------+----------+-------------------------------------------
     0 | D:1      | Descartes the Deep Elf Wanderer began the quest for the
                  | Orb.
     0 | D:1      | Descartes set off with the following items: a +2 hand axe,
                  | a +0 robe; and the following spells available to memorise:
                  | Foxfire, Corona, Ignite Poison, Confusing Touch
     0 | D:1      | Reached XP level 1. HP: 12/12 MP: 5/5
   142 | D:1      | Learned a level 1 spell: Foxfire
   452 | D:1      | Reached XP level 2. HP: 12/16 MP: 7/7
  1439 | D:2      | Reached XP level 3. HP: 20/20 MP: 7/9
  2141 | D:2      | Found a transporter.
  2152 | D:2      | Found a sacrificial altar of Ru.
  2165 | D:2      | Reached skill level 1 in Shields
  2165 | D:2      | Reached XP level 4. HP: 5/25 MP: 0/11
  2167 | D:2      | Found a transporter.
  3255 | D:3      | Found a shimmering blue altar of Sif Muna.
  3550 | D:3      | Reached XP level 5. HP: 21/29 MP: 3/13
  3903 | D:3      | Killed from afar by an orc priest

Illustrated notes

Levels and vault maps discovered:
D:1:      arrival_zaba_pyramid, layout_basic
D:2:      layout_loops_ring, gammafunk_temple_overflow_arena,
          serial_bayou_lagoon_b
D:3:      layout_basic, lemuel_coloured_pillars_altar, uniq_natasha

Skill      XL: |  1  2  3  4 |
---------------+-------------+-----
Spellcasting   | 2 3 4 |  4.3
Fire Magic     | 3 4 |  4.1
Shields        | 1 |  1.7
Fighting       | |  1.0
Axes           | |  1.5
Throwing       | |  1.0
Armour         | |  1.5
Stealth        | |  1.2

Action                   |  1- 3 |  4- 6 || total
-------------------------+-------+-------++-------
Melee: Hand axe          |     8 |       ||     8
       Dagger            |     6 |     9 ||    15
 Cast: Foxfire           |    82 |    67 ||   149
 Stab: Sleeping          |     1 |       ||     1
Armor: Robe              |     6 |     4 ||    10
Dodge: Dodged            |    23 |     6 ||    29
Block: Buckler           |     8 |     3 ||    11
